 Dungeon Crawl Stone Soup version 0.27-a0-1502-g47ed6a6988 (webtiles) character file.

Game seed: 8623283261588113341

109 ABBCCCDDDD the Ducker (level 5, 0/38 HPs)
             Began as a Djinni Ice Elementalist on July 8, 2021.
             Slain by a hound (6 damage)
             ... on level 4 of the Dungeon.
             The game lasted 00:07:24 (3700 turns).

ABBCCCDDDD the Ducker (Djinni Ice Elementalist)     Turns: 3700, Time: 00:07:24

Health: 0/38       AC:  0    Str:  7    XL:     5   Next: 13%
Gold:   93         EV: 13    Int: 18    God:
                   SH:  0    Dex: 13

rFire    + + .     SeeInvis .   b - +0 dagger
rCold    x . .     Faith    .   (no shield)
rNeg     . . .     Spirit   .   (no armour)
rPois    ∞         Reflect  .   (no helmet)
rElec    .         Harm     .   (no cloak)
rCorr    .         Rampage  .   (no gloves)
Will     .....                  (boots unavailable)
Stlth    ++........             (no amulet)
HPRegen  0.12/turn              (no ring)
MPRegen  0.00/turn              (no ring)

@: weak-willed, flying
A: sickness immunity, fire resistance 2, cold vulnerability 1, float, innate
caster, hp casting, extra vitality 1
a: no special abilities


You were on level 4 of the Dungeon.
You visited 1 branch of the dungeon, and saw 4 of its levels.

You collected 93 gold pieces.

Inventory:

Hand Weapons
 b - a +0 dagger (weapon)
Missiles
 d - 6 javelins
 j - 18 poisoned darts
Armour
 a - a +0 robe
 c - a +0 leather armour
 k - a +0 buckler
Jewellery
 f - a ring of ice
 i - an amulet of faith
Scrolls
 g - 2 scrolls of identify
 h - a scroll of teleportation {unknown}
 m - a scroll of torment {unknown}
Potions
 l - 2 potions of curing


   Skills:
 - Level 2.0 Fighting
 - Level 3.3 Dodging
 - Level 2.1 Stealth
 * Level 2.2 Shields
 - Level 3.2 Spellcasting


You couldn't memorise any spells.
You knew the following spells:

 Your Spells              Type           Power      Damage    Failure   Level
a - Freeze                Ice            56%        1d7       4%          1
b - Frozen Ramparts       Ice            28%        1d4       12%         3
c - Ozocubu's Armour      Ice            14%        N/A       12%         3
d - Hailstorm             Conj/Ice       14%        3d5       38%         4
e - Shock                 Conj/Air       56%        1d6       4%          1
f - Corpse Rot            Necr/Air       N/A        N/A       6%          2
Your spell library was empty.

Dungeon Overview and Level Annotations

Branches:
Dungeon (4/15)
 Temple: D:4-7

Altars:
Dithmenos

Annotations:
D:2 1 runed translucent door, Crazy Yiuf


Innate Abilities, Weirdness & Mutations

You are immune to sickness and miasma.
You are immune to poison.
Your flesh is very heat resistant. (rF++)
You are vulnerable to cold. (rC-)
You float through the air rather than walking.
You learn spells naturally, not from books.
Your magical power is your life essence.
You have superior vitality. (+4 HP)


Message History

Press: ? - help, Shift-Dir - straight line, f/p - jelly
Aim: a jelly (heavily wounded)
You freeze the jelly.
The jelly is heavily wounded.
The jelly hits you. The acid corrodes you!
You are splashed with acid!
Casting: Freeze (safe; 4% risk of failure)
Confirm with . or Enter, or press ? or * to list all spells.
Aiming: Freeze (safe; 4% risk of failure)
Press: ? - help, Shift-Dir - straight line, f/p - jelly
Aim: a jelly (heavily wounded)
You miscast Freeze.
Nothing appears to happen.
The jelly closely misses you.
Casting: Freeze (safe; 4% risk of failure)
Confirm with . or Enter, or press ? or * to list all spells.
Aiming: Shock (safe; 4% risk of failure)
Press: ? - help, Shift-Dir - straight line, f/p - jelly
Aim: a jelly (heavily wounded, 100% to hit)
The zap hits the jelly.
The jelly is severely wounded.
The jelly hits you. The acid corrodes you!
You are splashed with acid!
* * * LOW HITPOINT WARNING * * *
There is a stone staircase leading up here.
Your magical contamination has completely faded away.
The jelly jiggles.
You are no longer corroded.
The hound barks!
The hound bites you. The hound bites you.
* * * LOW HITPOINT WARNING * * *
As you read the scroll labelled ANOTEX OBAFI, it crumbles to dust.
It is a scroll of identify.
l - 2 potions of curing The hound barely misses you.
The hound completely misses you. The hound bites you.
* * * LOW HITPOINT WARNING * * *
The hound completely misses you.
As you read the scroll labelled YCWUATH VUUM, it crumbles to dust.
Magic quickly surges around you.
It was a scroll of vulnerability.
The hound bites you.
You die...

#.........#.............
#....#............)......
#....##...#.<.............
#...##
##..##...#.......... #..#
#..###...#........† ..#
#..# ##..###....... #.J#
##..####..... #.h#
##..######.. ##@# ##..##
### ## #.# ##..## # .. #.#
##..# . #.# ##.## . #.#
##.## #... #.# ##.###
#.... #.# ##... # #.....
##.# ###.... # #.....#
##..# ##......


You could see a hound (weak-willed) and a jelly (weak-willed).

Vanquished Creatures
  A hound (D:4)
  2 adders
  An adder skeleton (D:4)
  4 dart slugs
  4 endoplasms
  4 giant cockroaches
  5 hobgoblins
  4 jackals
  4 kobolds
  5 ball pythons
  10 bats
  2 frilled lizards
  6 rats
52 creatures vanquished.

Notes
Turn   | Place    | Note
-------+----------+-------------------------------------------
     0 | D:1      | ABBCCCDDDD the Djinni Ice Elementalist began the quest for
                  | the Orb.
     0 | D:1      | Reached XP level 1. HP: 15/15 MP: 0/0
   420 | D:1      | Reached XP level 2. HP: 11/22 MP: 0/0
   772 | D:1      | Reached skill level 1 in Fighting
   948 | D:1      | Reached XP level 3. HP: 27/27 MP: 0/0
   948 | D:1      | Learned a level 1 spell: Shock
  1206 | D:2      | Found a shadowy altar of Dithmenos.
  1548 | D:2      | Found a runed translucent door.
  1549 | D:2      | Noticed Crazy Yiuf
  2212 | D:2      | Reached XP level 4. HP: 27/33 MP: 0/0
  2683 | D:3      | Noticed a necrophage
  2796 | D:4      | Reached skill level 1 in Shields
  3104 | D:4      | Reached XP level 5. HP: 30/38 MP: 0/0
  3104 | D:4      | Learned a level 2 spell: Corpse Rot
  3700 | D:4      | Slain by a hound

Illustrated notes

Levels and vault maps discovered:
D:1:      scummos_arrival_simple_fountains, layout_rooms
D:2:      layout_rooms, basic_altar, minmay_misc_feat_diagonals,
          minmay_splitting_lines, uniq_crazy_yiuf_cottage
D:3:      layout_basic, nicolae_wu_jian_glorious_leap, uniq_jessica,
          uniq_sigmund
D:4:      cheibrodos_thug_alley, layout_cave_pods, minmay_starry_boxes

Skill      XL: |  1  2  3  4 |
---------------+-------------+-----
Stealth        | 2 |  2.1
Fighting       | 1 2 |  2.0
Dodging        | 3 |  3.3
Shields        | 2 |  2.2
Spellcasting   | |  3.2

Action                   |  1- 3 |  4- 6 || total
-------------------------+-------+-------++-------
Melee: Dagger            |     6 |     8 ||    14
 Cast: Freeze            |    51 |    30 ||    81
       Shock             |       |    10 ||    10
  Use: Scroll            |       |     2 ||     2
 Stab: Sleeping          |     3 |     3 ||     6
Armor: Robe              |     3 |       ||     3
Dodge: Dodged            |    37 |    22 ||    59

Table legend: (Time is in decaauts)
 A = Elapsed time spent in this place.
 B = Non-inter-level travel time spent in this place.
 C = Inter-level travel time spent in this place.
 D = Time resting spent in this place.
 E = Time spent auto-exploring this place.
 F = Levels seen in this place.
 G = Mean time per level.
                   A        B        C        D        E       F      G
               +--------+--------+--------+--------+--------+-----+--------+
         Total |   3700 |   3504 |    196 |   1670 |   1199 |   4 |  925.0 |
       Dungeon |   3700 |   3504 |    196 |   1670 |   1199 |   4 |  925.0 |
               +--------+--------+--------+--------+--------+-----+--------+

Top non-repeatable levels by time:
     D:1: 1581 daAuts
     D:2: 917 daAuts
     D:4: 910 daAuts
     D:3: 291 daAuts
